 Dungeon Crawl Stone Soup version 0.29.1-1-gd02db6906a (webtiles) character file.

Game seed: 938579558423876678

7 Ashen the Chiller (level 1, 0/13 HPs)
             Began as a Demonspawn Ice Elementalist on Sept 28, 2022.
             Slain by a quokka (2 damage)
             ... on level 1 of the Dungeon.
             The game lasted 00:01:05 (599 turns).

Ashen the Chiller (Demonspawn Ice Elementalist)      Turns: 599, Time: 00:01:05

Health: 0/13       AC:  2    Str:  8    XL:     1   Next: 83%
Magic:  3/3        EV: 12    Int: 16    God:
Gold:   11         SH:  0    Dex: 13    Spells: 3/4 levels left

rFire   . . .      SeeInvis .   h - +0 dagger (protect)
rCold   . . .      Faith    .   (no shield)
rNeg    . . .      Spirit   .   a - +0 robe
rPois   .          Reflect  .   (no helmet)
rElec   .          Harm     .   (no cloak)
rCorr   .          Rampage  .   (no gloves)
Will    .....                   (no boots)
Stlth   ++........              (no amulet)
HPRegen 0.04/turn               (no ring)
MPRegen 0.08/turn               (no ring)

@: no status effects
A: no striking features
a: no special abilities


You were on level 1 of the Dungeon.
You visited 1 branch of the dungeon, and saw 1 of its levels.

You collected 11 gold pieces.

Inventory:

Hand Weapons
 d - a +0 short sword
 h - a +0 dagger of protection (weapon)
Armour
 a - a +0 robe (worn)
Scrolls
 c - a scroll of teleportation {unknown}
 e - a scroll of brand weapon {unknown}
 i - a scroll of magic mapping {unknown}
 j - a scroll of butterflies {unknown}
Potions
 f - a potion of degeneration {unknown}
 g - a potion of haste {unknown}


   Skills:
 + Level 1.9 Dodging
 + Level 2.0 Stealth
 + Level 2.1 Spellcasting
 + Level 3.7 Ice Magic


You had 3 spell levels left.
You knew the following spells:

 Your Spells              Type           Power      Damage    Failure   Level
a - Freeze                Ice            52%        1d7       4%          1

Your spell library contained the following spells:

 Spells                   Type           Power      Damage    Failure   Level
 Frozen Ramparts          Ice            26%        1d4       14%         3
 Ozocubu's Armour         Ice            13%        N/A       14%         3
 Hailstorm                Conj/Ice       7%         3d4       67%         4


Dungeon Overview and Level Annotations

Branches:
Dungeon (1/15)

Altars:


Message History

Aim: a kobold, wielding a +0 dagger and quivering stones (severely wounded)
You freeze the kobold.
You kill the kobold!
The dart slug closely misses you.
Your Stealth skill increases to level 2!
Found a scroll labelled HOATEA INEHEA.
The dart slug barely misses you. The quokka closely misses you.
You barely miss the quokka. The quokka bites you.
Casting: Freeze (safe; 4% risk of failure)
Confirm with . or Enter, or press ? or * to list all spells.
You don't have enough magic to cast this spell.
Unknown command.
You hit the quokka.
Your weapon exudes an aura of protection.
The quokka is moderately wounded.
The quokka bites you but does no damage.
You barely miss the quokka.
The quokka is moderately wounded.
The quokka bites you but does no damage.
You hit the quokka but do no damage.
The quokka is moderately wounded.
The quokka bites you.
* * * LOW HITPOINT WARNING * * *
You barely miss the quokka.
The quokka is moderately wounded.
The quokka bites you but does no damage.
The quokka closely misses you.
Casting: Freeze (safe; 4% risk of failure)
Confirm with . or Enter, or press ? or * to list all spells.
Aiming: Freeze (safe; 4% risk of failure)
Press: ? - help, Shift-Dir - straight line, f - quokka
Aim: a quokka (moderately wounded)
You freeze the quokka.
The quokka is severely wounded.
The quokka bites you but does no damage.
You miss the quokka.
The quokka is severely wounded.
The quokka barely misses you. Magic courses through your body.
The quokka bites you.
You die...

# .........#.###.##
#
#.#.#####..#.##....
## .... #..#.##....
.#### ##..###
##....##.#.. ....##
#.........#.#####...
###..#
#[#.###.#.......#..⌠
##.# #.........##
#..... #.######
##.#.###.#. #.(...
#.....[###).#@#?#.#
##....
######......#r###.#.
#....
#####w..w.......
#.#.. ##.#.###.#..
#.... #..... ...
###.# ####### .. #..
# ##. #### #. ... ##


You could see a dart slug and a quokka.

Vanquished Creatures
  A dart slug (D:1)
  2 kobolds (D:1)
  A quokka (D:1)
  A frilled lizard (D:1)
5 creatures vanquished.

Notes
Turn   | Place    | Note
-------+----------+-------------------------------------------
     0 | D:1      | Ashen the Demonspawn Ice Elementalist began the quest for
                  | the Orb.
     0 | D:1      | Reached XP level 1. HP: 13/13 MP: 3/3
   599 | D:1      | Slain by a quokka

Illustrated notes

Levels and vault maps discovered:
D:1:      wander_arrival_desolate, layout_basic, serial_shops,
          nicolae_shop_waterfront, hangedman_decor_points, minmay_surrounded

Skill      XL: |  1 |
---------------+----+-----
Stealth        | 2 |  2.0
Dodging        | |  1.9
Spellcasting   | |  2.1
Ice Magic      | |  3.7

Action                   || total
-------------------------++-------
Melee: Dagger            ||     8
       Unarmed           ||     2
 Cast: Freeze            ||    11
  Use: Potion            ||     1
Armor: Robe              ||     7
Dodge: Dodged            ||    11
